 Dungeon Crawl Stone Soup version 0.32-a0-913-g739538afd8 (webtiles) character file.

Game seed: 527599185577369754

229 pokeman the Magician (level 5, 0/29 HPs)
             Began as a Deep Elf Hedge Wizard on Apr 7, 2024.
             Slain by Duvessa
             ... wielding a +0 short sword
              (7 damage)
             ... on level 4 of the Dungeon.
             The game lasted 00:06:11 (4405 turns).

pokeman the Magician (Deep Elf Hedge Wizard)        Turns: 4405, Time: 00:06:12

Health: 0/29       AC:  2    Str:  7    XL:     5   Next: 71%
Magic:  9/16       EV: 12    Int: 21    God:
Gold:   149        SH:  0    Dex: 14    Spells: 9/17 levels left

rFire   + . .        p - +1 dagger (drain)
rCold   . . .        (no shield)
rNeg    . . .        b - +0 robe
rPois   .            c - +0 hat
rElec   .            (no cloak)
rCorr   .            (no gloves)
SInv    .            (no boots)
Will    .....        (no amulet)
Stlth   ++           l - ring of flight
HPRegen 0.24/turn    a - ring of protection from fire
MPRegen 0.15/turn

%: no passive effects
@: flying, very slightly contaminated
A: no striking features
a: no special abilities


You were on level 4 of the Dungeon.
You visited 1 branch of the dungeon, and saw 4 of its levels.

You collected 149 gold pieces.

Inventory:

Hand Weapons
 p - a +1 dagger of draining (weapon)
Missiles
 g - 3 curare-tipped darts
Armour
 b - a +0 robe (worn)
 c - a +0 hat (worn)
Magical Staves
 n - a staff of alchemy
Jewellery
 a - a ring of protection from fire (right hand)
 l - a ring of flight (left hand)
Scrolls
 k - a scroll of blinking {unknown}
 m - 2 scrolls of identify {unknown}
 o - a scroll of enchant weapon {unknown}
 q - 2 scrolls of teleportation {unknown}
 s - a scroll of immolation {unknown}
 t - a scroll of revelation {unknown}
 u - a scroll of fog {unknown}
 v - a scroll of enchant armour {unknown}
Potions
 d - a potion of magic
 e - 3 potions of curing {unknown}
 f - a potion of resistance {unknown}
 h - 2 potions of berserk rage {unknown}
 i - 3 potions of brilliance {unknown}
 j - a potion of might {unknown}
 r - a potion of lignification {unknown}


   Skills:
 + Level 1.0 Fighting
 - Level 1.0 Armour
 - Level 3.0 Dodging
 - Level 3.0 Stealth
 * Level 6.5 Spellcasting
 + Level 2.7 Conjurations
 - Level 1.1 Summonings
 - Level 1.1 Translocations
 - Level 1.0 Air Magic
 + Level 0.9 Alchemy
 - Level 1.0 Evocations


You had 9 spell levels left.
You knew the following spells:

 Your Spells              Type           Power      Damage    Failure   Level
a - Magic Dart            Conj           72%        1d6       3%          1
b - Mephitic Cloud        Conj/Alch/Air  13%        N/A       14%         3
c - Call Imp              Summ           22%        N/A       9%          2
d - Blink                 Tloc           22%        N/A       9%          2

Your spell library contained the following spells:

 Spells                   Type           Power      Damage    Failure   Level
 Slow                     Hex            24%        N/A       10%         1
 Cigotuvi's Dreadful Rot  Necr/Alch/Air  18%        N/A       11%         2


Dungeon Overview and Level Annotations

Branches:
Dungeon (4/15)
 Temple: D:4-7

Altars:
Wu Jian

Annotations:
D:4 Duvessa


Message History

Press: ? - help, Shift-Dir - straight line, f/p - Duvessa
Aim: Duvessa, wielding a +0 short sword and wearing a +0 leather armour (berserk, chance to affect: 81%)
The ball explodes into a vile cloud!
The stinking cloud engulfs Duvessa.
The stinking cloud engulfs you.
You are engulfed in noxious fumes.
You choke on the stench!
You are confused.
Duvessa is engulfed in noxious fumes.
Duvessa appears confused.
Duvessa closely misses you.
Duvessa is engulfed in noxious fumes.
Duvessa appears confused.
Unknown command.
You feel less confused.
Duvessa is engulfed in noxious fumes.
Duvessa appears confused.
Unknown command.
Duvessa is engulfed in noxious fumes.
Duvessa appears confused.
Duvessa is engulfed in noxious fumes.
Duvessa appears confused.
Duvessa closely misses you.
You strike the helpless Duvessa from behind!
You puncture Duvessa!
Duvessa is lightly wounded.
Duvessa is engulfed in noxious fumes.
Duvessa appears confused.
Unknown command.
You hit Duvessa. You drain Duvessa.
Duvessa is moderately wounded.
Duvessa is engulfed in noxious fumes.
Duvessa appears confused.
Duvessa is engulfed in noxious fumes.
Duvessa appears confused.
Duvessa hits you with a +0 short sword!
Unknown command.
You strike the helpless Duvessa from behind!
You hit Duvessa.
Duvessa is moderately wounded.
Duvessa is engulfed in noxious fumes.
Duvessa appears confused.
Unknown command.
You hit Duvessa but do no damage. You drain Duvessa.
Duvessa is heavily wounded.
Duvessa is engulfed in noxious fumes.
Duvessa appears confused.
Duvessa hits you with a +0 short sword!
* * * LOW HITPOINT WARNING * * *
Duvessa is engulfed in noxious fumes.
Duvessa appears confused.
Duvessa hits you with a +0 short sword!
You die...

######### ### #...e.... ..
#.# ############# #§#
#............ #☼#
#.######..... #e#..#.# #.....
#@#..#.# #....# #.#..#.#
#....# ## #.
.#.#..#.######....# #..
#.##.#.#..#.#...##....#
#...#....#.#..#.#.#.##....#
#...#...##.#..#.#.#.#######
#.)......#.#....#.#.#######
#....[...#.#...##.#........
###...##.#.#.#....#.#........


You could see Duvessa (berserk, confused, very drained).

Vanquished Creatures
  Dowan (D:4)
  3 gnolls (D:3)
  5 adders
  2 ribbon worms (D:3)
  2 dart slugs
  2 orcs (D:3)
  4 endoplasms
  3 giant cockroaches (D:2)
  11 goblins
  4 hobgoblins
  8 jackals
  10 kobolds
  3 quokkas
  13 ball pythons
  8 bats
  4 frilled lizards
  11 rats
94 creatures vanquished.

Notes
Turn   | Place    | Note
-------+----------+-------------------------------------------
     0 | D:1      | pokeman the Deep Elf Hedge Wizard began the quest for the
                  | Orb.
     0 | D:1      | Reached XP level 1. HP: 10/10 MP: 7/7
   395 | D:1      | Reached XP level 2. HP: 15/15 MP: 6/9
   689 | D:1      | Reached skill level 5 in Spellcasting
  1452 | D:2      | Reached XP level 3. HP: 20/20 MP: 8/11
  1456 | D:2      | Learned a level 3 spell: Mephitic Cloud
  1459 | D:2      | Learned a level 2 spell: Call Imp
  1462 | D:2      | Learned a level 2 spell: Blink
  1701 | D:2      | Reached skill level 1 in Armour
  1982 | D:2      | Found an ornate altar of the Wu Jian Council.
  2113 | D:2      | Reached skill level 1 in Fighting
  2491 | D:3      | Reached XP level 4. HP: 23/25 MP: 3/13
  3178 | D:3      | Reached skill level 6 in Spellcasting
  3395 | D:3      | Reached XP level 5. HP: 29/29 MP: 13/15
  3806 | D:3      | Found a faded altar of an unknown god.
  4203 | D:4      | Noticed Dowan
  4211 | D:4      | Killed Dowan
  4212 | D:4      | Reached skill level 1 in Air Magic
  4212 | D:4      | Reached skill level 1 in Evocations
  4392 | D:4      | Noticed Duvessa
  4405 | D:4      | Slain by Duvessa

Illustrated notes

Levels and vault maps discovered:
D:1:      nicolae_arrival_memento_mori, layout_basic, grunt_decor_clamped,
          kennysheep_small_spiral
D:2:      kennysheep_six_static_rooms, layout_rooms, basic_altar, serial_glass,
          glass_columns_b, glass_columns_c
D:3:      minmay_thinvault, layout_loops_corners,
          shapermc_ecumenical_altar_pompeii, minmay_shallow_snake_nest
D:4:      layout_basic, kennysheep_generic_room_15, uniq_duvessa

Skill      XL: |  1  2  3  4  5 |
---------------+----------------+-----
Spellcasting   | 5 6 |  6.5
Armour         | 1 |  1.0
Fighting       | 1 |  1.0
Conjurations   | 2 |  2.7
Dodging        | 3 |  3.0
Stealth        | 3 |  3.0
Air Magic      | 1 |  1.0
Evocations     | 1 |  1.0
Summonings     | |  1.1
Translocations | |  1.1
Alchemy        | |  0.9

Action                     |  1- 3 |  4- 6 || total
---------------------------+-------+-------++-------
  Melee: Dagger            |    19 |    15 ||    34
         Spear             |       |     7 ||     7
   Cast: Magic Dart        |   129 |    90 ||   219
         Mephitic Cloud    |     1 |     5 ||     6
         Blink             |       |     1 ||     1
         Call Imp          |       |     1 ||     1
   Stab: Confused          |     2 |     8 ||    10
 Armour: Robe              |    18 |    25 ||    43
  Dodge: Dodged            |    20 |    13 ||    33

Table legend: (Time is in decaauts)
 A = Elapsed time spent in this place.
 B = Non-inter-level travel time spent in this place.
 C = Inter-level travel time spent in this place.
 D = Time resting spent in this place.
 E = Time spent auto-exploring this place.
 F = Levels seen in this place.
 G = Mean time per level.
                   A        B        C        D        E       F      G
               +--------+--------+--------+--------+--------+-----+--------+
         Total |   4404 |   4311 |     93 |    181 |   3626 |   4 | 1101.0 |
       Dungeon |   4404 |   4311 |     93 |    181 |   3626 |   4 | 1101.0 |
               +--------+--------+--------+--------+--------+-----+--------+

Top non-repeatable levels by time:
     D:3: 1750 daAuts
     D:1: 1393 daAuts
     D:2: 1039 daAuts
     D:4: 220 daAuts
